 Dungeon Crawl Stone Soup version 0.30.0-29-ga12c61a403 (webtiles) character file.

Game seed: 2970836440717283038

95 cheesebisquit the Digger (level 4, 0/24 HPs)
             Began as a Gargoyle Earth Elementalist on June 7, 2023.
             Constricted to death by Ijyb (1 damage)
             ... on level 3 of the Dungeon.
             The game lasted 00:05:42 (1860 turns).

cheesebisquit the Digger (GrEE)                     Turns: 1860, Time: 00:05:42

Health: 0/24       AC:  6    Str: 12    XL:     4   Next: 65%
Magic:  7/9        EV:  9    Int: 17    God:
Gold:   129        SH:  0    Dex: 16    Spells: 1/9 levels left

rFire   + . .        k - +0 dagger (speed)
rCold   . . .        (no shield)
rNeg    + . .        a - +0 robe
rPois   ∞            (no helmet)
rElec   +            s - +0 cloak
rCorr   .            (no gloves)
SInv    .            (no boots)
Will    .....        (no amulet)
Stlth   ++           d - +6 ring of dexterity
HPRegen 0.24/turn    g - ring of protection from fire
MPRegen 0.11/turn

%: no passive effects
@: grasped by roots, constricted
A: sickness immunity, AC +3, negative energy resistance 1, electricity
resistance, torment resistance 1, petrification resistance
a: no special abilities


You were on level 3 of the Dungeon.
You visited 1 branch of the dungeon, and saw 3 of its levels.

You collected 129 gold pieces.

Inventory:

Hand Weapons
 k - a +0 dagger of speed (weapon)
Missiles
 t - 4 poisoned darts
Armour
 a - a +0 robe (worn)
 s - a +0 cloak (worn)
Jewellery
 d - a +6 ring of dexterity (left hand)
 g - a ring of protection from fire (right hand)
 q - a ring of resist corrosion
Wands
 p - a wand of acid (2)
Scrolls
 c - 3 scrolls of teleportation {unknown}
 e - 2 scrolls of blinking {unknown}
 f - a scroll of vulnerability {unknown}
 h - 3 scrolls of identify {unknown}
 l - 2 scrolls of noise {unknown}
 o - a scroll of enchant weapon {unknown}
Potions
 i - a potion of might {unknown}
 j - a potion of cancellation {unknown}
 m - a potion of curing {unknown}
 n - a potion of heal wounds {unknown}
 r - a potion of mutation {unknown}


   Skills:
 - Level 1.5 Dodging
 - Level 2.1 Stealth
 + Level 3.3 Spellcasting
 - Level 0.7 Transmutations
 + Level 5.1 Earth Magic


You had one spell level left.
You knew the following spells:

 Your Spells              Type           Power      Damage    Failure   Level
a - Sandblast             Erth           40%        2d10      1%          1
b - Passwall              Tmut/Erth      10%        N/A       8%          2
c - Stone Arrow           Conj/Erth      22%        3d8       17%         3
d - Blink                 Tloc           4%         N/A       26%         2

Your spell library contained the following spells:

 Spells                   Type           Power      Damage    Failure   Level
 Lesser Beckoning         Tloc           4%         N/A       26%         2
 Momentum Strike          Conj/Tloc      4%         3d8       26%         2
 Petrify                  Tmut/Erth      12%        N/A       45%         4


Dungeon Overview and Level Annotations

Branches:
Dungeon (3/15)

Altars:

Annotations:
D:3 Ijyb


Innate Abilities, Weirdness & Mutations

You are immune to sickness and miasma.
Your stone body is resilient. (AC +3)
You are immune to poison.
You resist negative energy. (rN+)
You are resistant to electric shocks. (rElec)
You are resistant to unholy torment.
You are immune to petrification.


Message History

Press: ? - help, Q - select action, (/) - cycle Shift-Dir - straight line, f/p - Ijyb
Aim: Ijyb, wielding a +0 dagger, wearing a +0 chain mail, quivering poisoned darts and carrying a wand of roots (11) (moderately wounded, 83% to hit)
The blast of sand hits Ijyb but does no damage.
Ijyb is moderately wounded.
Ijyb barely misses you.
Aiming: Sandblast (safe; 1% risk of failure)
Press: ? - help, Q - select action, (/) - cycle Shift-Dir - straight line, f/p - Ijyb
Aim: Ijyb, wielding a +0 dagger, wearing a +0 chain mail, quivering poisoned darts and carrying a wand of roots (11) (moderately wounded, 83% to hit)
The blast of sand hits Ijyb.
Ijyb is moderately wounded.
Ijyb hits you with a +0 dagger.
* * * LOW HITPOINT WARNING * * *
Ijyb closely misses you.
Your magical contamination has completely faded away.
Okay, then.
Okay, then.
Magic courses through your body. Ijyb closely misses you.
The orc closely misses you.
Aiming: Sandblast (safe; 1% risk of failure)
Press: ? - help, Q - select action, (/) - cycle Shift-Dir - straight line, f/p - Ijyb
Aim: Ijyb, wielding a +0 dagger, wearing a +0 chain mail, quivering poisoned darts and carrying a wand of roots (11) (moderately wounded, 83% to hit)
The blast of sand hits Ijyb but does no damage.
Ijyb is moderately wounded.
Ijyb screams, "I no like you!" Ijyb hits you with a +0 dagger.
* * * LOW HITPOINT WARNING * * *
The orc hits you but does no damage.
Aiming: Sandblast (safe; 1% risk of failure)
Press: ? - help, Q - select action, (/) - cycle Shift-Dir - straight line, f - orc, p - Ijyb
Aim: an orc, wielding a +0 club (83% to hit)
The blast of sand hits the orc!
You kill the orc!
Ijyb zaps a wand.
The roots erupt in riotous growth!
The grasping roots grab you!
Ijyb is unaffected.
The grasping roots constrict you.
* * * LOW HITPOINT WARNING * * *
Ijyb hits you with a +0 dagger.
* * * LOW HITPOINT WARNING * * *
The grasping roots constrict you.
You die...

## #. .. . ### #)
...##.########
........#.....##
.......$@......##
........g).......#
..................#
..................#
............)....#
.................# .
## .#.......)..)..##
.
..##.##.....#.....##
.
###.#..###.#.########


You could see Ijyb.

Vanquished Creatures
  4 adders
  A worm (D:2)
  5 orcs (D:3)
  5 ball pythons
  9 endoplasms
  3 giant cockroaches
  4 goblins
  2 hobgoblins
  4 bats (D:1)
  4 frilled lizards (D:1)
  6 kobolds
  5 rats
52 creatures vanquished.

Notes
Turn   | Place    | Note
-------+----------+-------------------------------------------
     0 | D:1      | cheesebisquit the Gargoyle Earth Elementalist began the
                  | quest for the Orb.
     0 | D:1      | Reached XP level 1. HP: 10/10 MP: 3/3
    65 | D:1      | Found a faded altar of an unknown god.
   360 | D:1      | Reached skill level 4 in Earth Magic
   360 | D:1      | Reached XP level 2. HP: 15/15 MP: 1/5
   363 | D:1      | Learned a level 2 spell: Passwall
   717 | D:1      | Reached XP level 3. HP: 19/19 MP: 3/6
  1306 | D:2      | Learned a level 3 spell: Stone Arrow
  1309 | D:2      | Learned a level 2 spell: Blink
  1349 | D:2      | Reached XP level 4. HP: 24/24 MP: 3/8
  1615 | D:3      | Reached skill level 5 in Earth Magic
  1841 | D:3      | Noticed Ijyb
  1860 | D:3      | HP: 1/24 [Ijyb/+0 dagger (3)]
  1860 | D:3      | Constricted to death by Ijyb

Illustrated notes

Levels and vault maps discovered:
D:1:      nagdon_arrival_double_spiral, layout_loops_ring,
          ebering_ecumenical_altar_mist
D:2:      layout_rooms
D:3:      layout_rooms, uniq_ijyb, uniq_terence

Skill      XL: |  1  2  3  4 |
---------------+-------------+-----
Earth Magic    | 4 5 |  5.1
Spellcasting   | 3 |  3.3
Dodging        | |  1.5
Stealth        | |  2.1
Transmutations | |  0.7

Action                     |  1- 3 |  4- 6 || total
---------------------------+-------+-------++-------
   Cast: Sandblast         |    47 |    34 ||    81
    Use: Potion            |       |     1 ||     1
 Armour: Robe              |     4 |     8 ||    12
  Dodge: Dodged            |     2 |    13 ||    15
